 Dungeon Crawl Stone Soup version 0.21.1-68-g103a7af (webtiles) character file.

77 meralisa the Insei (level 4, 0/39 HPs)
             Began as a Naga Transmuter on Aug 2, 2018.
             Was an Initiate of Yredelemnul.
             Killed from afar by Natasha (7 damage)
             ... with a magic dart
             ... on level 2 of the Dungeon.
             The game lasted 00:09:48 (1423 turns).

meralisa the Insei (Naga Transmuter)                Turns: 1423, Time: 00:09:49

Health: 0/39       AC:  2    Str: 12    XL:     4   Next: 34%
Magic:  1/7        EV: 15    Int: 13    God:    Yredelemnul [......]
Gold:   74         SH:  0    Dex: 13    Spells: 1/7 levels left

rFire    . . .     SeeInvis +     - Unarmed
rCold    . . .     Gourm    .   (no shield)
rNeg     + . .     Faith    .   b - +0 robe
rPois    +         Spirit   .   (no helmet)
rElec    .         Reflect  .   (no cloak)
rCorr    .         Harm     .   (no gloves)
MR       .....                  (no barding)
Stlth    ++........             (no amulet)
HPRegen  0.13/turn              k - +5 ring of evasion
MPRegen  0.10/turn              n - ring of positive energy

@: very slightly contaminated, very slow
A: large, see invisible, deformed body, poison resistance, slowness 2, slow
metabolism 1, spit poison 1, AC +1
a: Spit Poison, Renounce Religion


You were on level 2 of the Dungeon.
You worshipped Yredelemnul.
Yredelemnul was noncommittal.
You were not hungry.

You visited 1 branch of the dungeon, and saw 2 of its levels.

You collected 74 gold pieces.

Inventory:

Missiles
 a - 24 arrows
 j - 8 poisoned needles
Armour
 b - a +0 robe (worn)
Jewellery
 k - a +5 ring of evasion (left hand)
 n - a ring of positive energy (right hand)
 o - an uncursed ring of teleportation
Scrolls
 l - a scroll of fear {unknown}
 m - a scroll of enchant armour {unknown}
Potions
 e - a potion of heal wounds
 f - a potion of agility {unknown}
Books
 c - a book of Changes

   Spells                             Type                      Level
   a - Beastly Appendage              Transmutation                1
   b - Sticks to Snakes               Transmutation                2
   c - Spider Form                    Transmutation/Poison         3
   d - Ice Form                       Ice/Transmutation            4
   e - Blade Hands                    Transmutation                5
Comestibles
 d - 4 rations
 g - 5 chunks of flesh


   Skills:
 * Level 1.6 Fighting
 + Level 1.8 Dodging
 * Level 2.4 Stealth
 + Level 3.6 Unarmed Combat
 + Level 2.4 Spellcasting
 + Level 2.4 Transmutations


You had one spell level left.
You knew the following spells:

 Your Spells              Type           Power        Failure   Level  Hunger
a - Beastly Appendage     Tmut           #.....       9%          1    #......
b - Sticks to Snakes      Tmut           #.......     14%         2    ###....
c - Spider Form           Tmut/Pois      #.........   41%         3    ###....


Dungeon Overview and Level Annotations

Branches:
Dungeon (2/15)

Altars:
Makhleb
Yredelemnul

Annotations:
D:2 Natasha, Robin


Innate Abilities, Weirdness & Mutations

You cannot wear boots.
Your serpentine skin is tough. (AC +1)
You have supernaturally acute eyesight. (SInv)
Armour fits poorly on your strangely shaped body.
Your system is resistant to poisons. (rPois)
You cover ground very slowly.
You have a slow metabolism.
You can spit poison.


Message History

Found a stone staircase leading down.
Casting: Sticks to Snakes
Confirm with . or Enter, or press ? or * to list all spells.
You miscast Beastly Appendage.
Your skin glows momentarily.
Your ball python bites Natasha but does no damage.
Your ball python constricts Natasha.
Natasha casts a spell.
Your ball python barely misses Natasha.
Your ball python constricts Natasha.
Natasha casts a spell at you. The magic dart hits you!
* * * LOW HITPOINT WARNING * * *
Your ball python bites Natasha.
Your ball python constricts Natasha.
The crimson imp blinks!
Your ball python bites Natasha.
Your ball python constricts Natasha.
Natasha claws your ball python!
Your ball python dies!
Natasha stares at you and mumbles some strange words.
The magic dart hits you!
You die...
Your body rises from the dead as a mindless zombie.

#.#.###....#.._..###......#
[....##.####.....#
#.####....
###..##'#####..#.# #..
.##.# .....#....####.#.#
#### < # ..........##.....#
# ..........##.#...#
........####.##.h#
........# # #..# ##......#
##@# #......# #># #......#
... #......# ##### #......#
######## # # #


You could see Natasha.

Vanquished Creatures
  A hound (D:2)
  An adder (D:2)
  A dart slug (D:1)
  2 leopard geckos
  A ball python (D:1)
  6 goblins
  6 hobgoblins
  4 jackals (D:2)
  A quokka (D:2)
  2 bats (D:1)
  2 frilled lizards (D:1)
  2 kobolds
  6 rats
35 creatures vanquished.

Notes
Turn   | Place    | Note
-------+----------+-------------------------------------------
     0 | D:1      | meralisa the Naga Transmuter began the quest for the Orb.
     0 | D:1      | Reached XP level 1. HP: 18/18 MP: 3/3
   156 | D:1      | Reached XP level 2. HP: 25/25 MP: 5/5
   161 | D:1      | Learned a level 2 spell: Sticks to Snakes
   265 | D:1      | Reached skill level 1 in Stealth
   853 | D:1      | Reached XP level 3. HP: 31/31 MP: 6/6
   858 | D:1      | Learned a level 3 spell: Spider Form
  1018 | D:2      | Reached XP level 4. HP: 33/38 MP: 5/7
  1184 | D:2      | Noticed Robin
  1200 | D:2      | Noticed Natasha
  1366 | D:2      | Found a burning altar of Makhleb.
  1367 | D:2      | Found a basalt altar of Yredelemnul.
  1391 | D:2      | Became a worshipper of Yredelemnul the Dark
  1423 | D:2      | Killed from afar by Natasha

Skill      XL: |  1  2  3 |
---------------+----------+-----
Stealth        | 1 2 |  2.4
Fighting       | |  1.6
Dodging        | |  1.8
Unarmed Combat | |  3.6
Spellcasting   | |  2.4
Transmutations | |  2.4

Action                   |  1- 3 |  4- 6 || total
-------------------------+-------+-------++-------
Melee: Unarmed           |    34 |    26 ||    60
       Headbutt          |     4 |       ||     4
       Punch             |     1 |     1 ||     2
 Cast: Beastly Appendage |     8 |     3 ||    11
       Sticks to Snakes  |       |     5 ||     5
 Abil: Spit Poison       |    23 |     3 ||    26
  Use: Scroll            |       |     2 ||     2
       Potion            |       |     1 ||     1
  Eat: Chunk             |     1 |     2 ||     3
Armor: Robe              |     2 |     5 ||     7
Dodge: Dodged            |    19 |    29 ||    48
